 Dungeon Crawl Stone Soup version 0.21-a0-286-g6fcecc0 (webtiles) character file.

203 tidbits the Insei (level 5, -2/45 HPs)
             Began as a Draconian Monk on Sept 27, 2017.
             Was a Believer of Wu Jian.
             Slain by a centaur (7 damage)
             ... on level 5 of the Dungeon.
             The game lasted 00:07:43 (1311 turns).

tidbits the Insei (Draconian Monk)                  Turns: 1311, Time: 00:07:44

Health: -2/45      AC:  5    Str: 18    XL:     5   Next: 51%
Magic:  5/5        EV: 13    Int: 12    God:    Wu Jian [**....]
Gold:   90         SH:  0    Dex: 13    Spells: 4/4 levels left

rFire    . . .     SeeInvis .     - Unarmed
rCold    . . .     Gourm    +   (no shield)
rNeg     . . .     Faith    .   (armour unavailable)
rPois    .         Spirit   .   (helmet restricted)
rElec    .         Reflect  .   (no cloak)
rCorr    .         Harm     .   (no gloves)
MR       .....                  (no boots)
Stlth    ++........             h - amulet of the gourmand
HPRegen  0.15/turn              (no ring)
MPRegen  0.09/turn              (no ring)

@: mighty, flying
A: unfitting armour, cold-blooded, AC +5
a: Renounce Religion


You were on level 5 of the Dungeon.
You worshipped Wu Jian.
Wu Jian was pleased with you.
You were not hungry.

You visited 2 branches of the dungeon, and saw 6 of its levels.

You collected 90 gold pieces.

Inventory:

Hand Weapons
 f - a +2 war axe of flaming
   (You found it on level 4 of the Dungeon)
Missiles
 b - 37 stones (quivered)
 k - 7 needles of confusion
Jewellery
 h - an amulet of the gourmand (around neck)
   (You found it on level 2 of the Dungeon)
Wands
 n - a wand of confusion (27/48)
Scrolls
 e - a scroll of teleportation
 j - 2 scrolls of remove curse {unknown}
Potions
 i - a potion of ambrosia {unknown}
 m - a potion of agility {unknown}
 o - a potion of heal wounds {unknown}
Comestibles
 g - a meat ration


   Skills:
 - Level 3.2 Fighting
 - Level 2.6 Dodging
 + Level 3.0 Stealth
 + Level 5.7 Unarmed Combat


You had 4 spell levels left.
You didn't know any spells.

Dungeon Overview and Level Annotations

Branches:
Dungeon (5/15)             Temple (1/1) D:5

Altars:
Cheibriados
Elyvilon
Kikubaaqudgha
Makhleb
Nemelex Xobeh
Ru
Sif Muna
Trog
Vehumet
Wu Jian
The Shining One

Annotations:
D:2 Robin
D:3 Hasart's ghost, amateur MfGl; Natasha


Innate Abilities, Weirdness & Mutations

Your plain brown scales are hard. (AC +5)
You cannot fit into any form of body armour.
You are cold-blooded and may be slowed by cold attacks.


Message History

You are feeling very hungry.
There is a staircase back to the Dungeon here.
You climb upwards.
Welcome back to the Dungeon!
You hear the hiss of flowing sand.
There is an entrance to an ossuary on this level.
Hurry and find it before the portal is buried!
You hear the slow hiss of a distant avalanche of sand.
The adder skeleton barely misses you.
The adder skeleton bites you but does no damage.
The shadow imp grins evilly.
There is a staircase to the Ecumenical Temple here.
You closely miss the adder skeleton.
The adder skeleton bites you but does no damage.
You completely miss the adder skeleton. You tail-slap the adder skeleton.
The adder skeleton is moderately damaged.
The adder skeleton misses you.
You can't go up here!
The shadow imp closely misses you. The adder skeleton bites you.
You climb downwards.
Welcome back to the Ecumenical Temple!
There is a staircase back to the Dungeon here.
You punch the shadow imp!
The shadow imp is almost dead.
The shadow imp gestures at you. Pain shoots through your body!
* * * LOW HITPOINT WARNING * * *
You barely miss the shadow imp.
The shadow imp is almost dead.
The shadow imp spits at you. The shadow imp misses you.
You closely miss the shadow imp.
The shadow imp is almost dead.
You barely miss the shadow imp.
The shadow imp is almost dead.
The shadow imp hits you but does no damage.
You punch the shadow imp!
You kill the shadow imp!
The Council accepts your kill.
You eat the bread ration.
That bread ration really hit the spot!
There is a glowing golden altar of the Shining One here.
Found an ancient bone altar of Kikubaaqudgha.
Found a burning altar of Makhleb.
Found a snail-covered altar of Cheibriados.
Found a deep blue altar of Sif Muna.
There is a bloodstained altar of Trog here.
There is a staircase back to the Dungeon here.
You climb upwards.
Welcome back to the Dungeon!
You hear the hiss of flowing sand.
There is an entrance to an ossuary on this level.
Hurry and find it before the portal is buried!
You hear the slow hiss of a distant avalanche of sand.
The adder skeleton bites you but does no damage.
There is a staircase to the Ecumenical Temple here.
You hit the adder skeleton.
The adder skeleton is moderately damaged.
The adder skeleton closely misses you.
You spin and attack the adder skeleton.
You hit the adder skeleton.
The adder skeleton is severely damaged.
The centaur misses you.
The adder skeleton bites you but does no damage.
The centaur hits you.
You hit the centaur but do no damage. The adder skeleton bites you.
The centaur hits you but does no damage.
You hit the centaur but do no damage. The centaur closely misses you.
The adder skeleton completely misses you.
You hit the centaur but do no damage. You tail-slap the centaur.
The centaur is lightly wounded.
The centaur hits you. The adder skeleton closely misses you.
The centaur hits you.
* * * LOW HITPOINT WARNING * * *
The adder skeleton misses you.
You closely miss the adder skeleton.
You tail-slap the adder skeleton, but do no damage.
The adder skeleton is severely damaged.
The adder skeleton bites you but does no damage.
You punch the adder skeleton!
You destroy the adder skeleton!
The Council accepts your kill.
Your Stealth skill increases to level 3!
You hit the centaur but do no damage.
The centaur is lightly wounded.
The centaur misses you.
You barely miss the centaur.
The centaur is lightly wounded.
The centaur hits you but does no damage.
The centaur hits you!
* * * LOW HITPOINT WARNING * * *
You hit the centaur.
The centaur is moderately wounded.
The centaur hits you!
* * * LOW HITPOINT WARNING * * *
It was a potion of flight.
You feel very buoyant.
You fly up into the air.
The centaur hits you but does no damage.
The centaur barely misses you.
It was a potion of might.
You feel very mighty all of a sudden.
The centaur hits you but does no damage.
You punch the centaur! You punch the centaur.
The centaur is almost dead.
The centaur hits you!
You die...

# #.
#.##########
##..........# .
#.#...#.#...#..
#...#@#.#.....
###..#.#c#.#....
......#.>.#.....
###..#.#.#.#....
#....#.#.#.$...
#.....#.#......
#............#.
##.#.#########
#.#....Z...# #.


You could see a centaur.

Vanquished Creatures
  An ogre (D:4)
  A centaur skeleton (D:4)
  3 adders
  A shadow imp (Temple)
  2 oozes
  2 adder skeletons
  A worm (D:3)
  A dart slug (D:1)
  2 leopard geckos (D:4)
  9 goblins
  6 hobgoblins
  6 jackals
  3 kobolds
  2 frilled lizards (D:1)
  A rat (D:1)
41 creatures vanquished.

Notes
Turn   | Place    | Note
-------+----------+-------------------------------------------
     0 | D:1      | tidbits the Draconian Monk began the quest for the Orb.
     0 | D:1      | Reached XP level 1. HP: 19/19 MP: 1/1
   159 | D:2      | Reached XP level 2. HP: 24/26 MP: 2/2
   173 | D:3      | Noticed Hasart's ghost (amateur MfGl)
   401 | D:1      | Reached skill level 4 in Unarmed Combat
   527 | D:2      | Found a sparkling altar of Nemelex Xobeh.
   546 | D:2      | Noticed Robin
   564 | D:2      | Reached XP level 3. HP: 31/31 MP: 3/3
   833 | D:4      | Reached skill level 5 in Unarmed Combat
   833 | D:4      | Reached XP level 4. HP: 28/38 MP: 4/4
   891 | D:3      | Noticed Natasha
   925 | D:4      | Noticed an ogre
   941 | D:4      | Killed an ogre
   941 | D:4      | Reached skill level 2 in Stealth
   941 | D:4      | Reached XP level 5. HP: 33/45 MP: 5/5
  1063 | D:5      | Entered Level 5 of the Dungeon
  1105 | D:5      | Found a staircase to the Ecumenical Temple.
  1110 | D:5      | Noticed a centaur
  1113 | Temple   | Entered the Ecumenical Temple
  1175 | Temple   | Became a worshipper of the Wu Jian Council
  1175 | Temple   | Reached * piety under Wu Jian
  1175 | Temple   | Reached ** piety under Wu Jian
  1305 | D:5      | Reached skill level 3 in Stealth
  1308 | D:5      | HP: 4/45 [centaur (7)]
  1311 | D:5      | Slain by a centaur

Vault maps used:
D:1:      lightli_arrival_flooded_house, serial_park_tiny_1
D:2:      regret_index_temple_of_mockery, lemuel_round_altar,
          nemelex_spade_bored_becter, uniq_robin, uniq_jessica
D:3:      first_bread, uniq_ijyb, uniq_natasha
D:5:      grunt_temple_overflow_opulence, minmay_temple_entry_grid,
          nicolae_ossuary_entry_false_entrances
Temple:   dpeg_chambers_temple

Skill      XL: |  1  2  3  4  5 |
---------------+----------------+-----
Unarmed Combat | 4 5 |  5.7
Stealth        | 2 3 |  3.0
Fighting       | |  3.2
Dodging        | |  2.6

Action                   |  1- 3 |  4- 6 || total
-------------------------+-------+-------++-------
Melee: Unarmed           |    82 |    54 ||   136
       Tailslap          |    10 |     7 ||    17
       Punch             |       |     2 ||     2
Throw: Stone             |    28 |     3 ||    31
Evoke: Wand              |       |     1 ||     1
  Use: Scroll            |     1 |     2 ||     3
       Potion            |       |     2 ||     2
  Eat: Bread ration      |       |     1 ||     1
Armor: Skin              |    12 |    20 ||    32
Dodge: Dodged            |    33 |    36 ||    69

Table legend:
 A = Spawn XP
 B = Non-spawn XP
 C = Spawn XP percentage of total XP
 D = Spawn monster count
 E = Non-spawn monster count
 F = Spawn count percentage of total count
 G = Total turns spent on level
                    A         B        C        D         E        F      G
               +---------+---------+-------+---------+---------+-------+---------
         Total |       0 |     291 |   0.0 |       0 |      41 |   0.0 |  1311
               +---------+---------+-------+---------+---------+-------+---------
           D:1 |       0 |      30 |   0.0 |       0 |      14 |   0.0 |   422
           D:2 |       0 |      36 |   0.0 |       0 |      11 |   0.0 |   345
           D:3 |       0 |       8 |   0.0 |       0 |       3 |   0.0 |    39
           D:4 |       0 |     188 |   0.0 |       0 |      10 |   0.0 |   257
           D:5 |       0 |      18 |   0.0 |       0 |       2 |   0.0 |    68
        Temple |       0 |      11 |   0.0 |       0 |       1 |   0.0 |   180
               +---------+---------+-------+---------+---------+-------+---------

Table legend:
 A = Turns spent in this place as a percentage of turns spent in the entire game.
 B = Non-inter-level travel turns spent in this place as a percentage of non-inter-level travel turns spent in the entire game.
 C = Inter-level travel turns spent in this place as a percentage of turns spent in this place.
 D = Turns resting spent in this place as a percentage of non-inter-level travel turns spent in this place.
 E = Turns spent auto-exploring this place as a percentage of non-inter-level travel turns spent in this place.
 F = Non-inter-level travel turns spent in this place divided by the number of levels of this place that you've seen.
                   A       B       C       D       E      F
               +-------+-------+-------+-------+-------+----------------------
         Total | 100.0 | 100.0 |   4.2 |   0.0 |   0.0 | 209.3
       Dungeon |  86.3 |  87.3 |   3.1 |   0.0 |   0.0 | 219.2
        Temple |  13.7 |  12.7 |  11.1 |   0.0 |   0.0 | 160.0
               +-------+-------+-------+-------+-------+----------------------

Table legend:
 A = Kills in this place as a percentage of kills in entire the game.
 B = Kills by you in this place as a percentage of kills by you in the entire game.
 C = Kills by friends in this place as a percentage of kills by friends in the entire game.
 D = Other kills in this place as a percentage of other kills in the entire game.
 E = Experience gained in this place as a percentage of experience gained in the entire game.
 F = Experience gained in this place divided by the number of levels of this place that you have seen.
                   A       B       C       D       E      F
               +-------+-------+-------+-------+-------+----------------------
         Total | 100.0 | 100.0 |   N/A |   N/A | 100.0 |  48.5
       Dungeon |  97.6 |  97.6 |   N/A |   N/A |  96.2 |  56.0
        Temple |   2.4 |   2.4 |   N/A |   N/A |   3.8 |  11.0
               +-------+-------+-------+-------+-------+----------------------

Vault maps used:
D:1:      lightli_arrival_flooded_house, serial_park_tiny_1
D:2:      regret_index_temple_of_mockery, lemuel_round_altar,
          nemelex_spade_bored_becter, uniq_robin, uniq_jessica
D:3:      first_bread, uniq_ijyb, uniq_natasha
D:5:      grunt_temple_overflow_opulence, minmay_temple_entry_grid,
          nicolae_ossuary_entry_false_entrances
Temple:   dpeg_chambers_temple
